Map: Oceanborn LE

Players

Oliveira - Winner!

  • Race: Terran Terran
  • Spawn Location: 11:00

DnS

  • Race: Protoss Protoss
  • Spawn Location: 5:00

Event: Bellum Gens Elite Stara Zagora 2024

VOD

Have the link to the VOD?

Description

Time

  • Played on: Sept. 5, 2024, 12:29 p.m.
  • Length: 22:24

All games in this series

Show
View Real Time Build Order
Export as new Build Order

Oliveira Terran - Winner!

Build Orders: Cyclone Opening, Reaper Expand 

Get SALT Encoding   

  12  0:00  SCV  
  13  0:12  SCV  
  14  0:17  Supply Depot  
  14  0:24  SCV  
  15  0:38  SCV  
  15  0:39  Barracks  
  16  0:42  Refinery  
  16  0:51  SCV  
  17  1:03  SCV  
  18  1:15  SCV  
  19  1:27  Orbital Command, Reaper  
  20  1:39  Command Center  
  20  1:46  Supply Depot  
  20  1:53  SCV  
  21  1:59  Marine  
  22  2:06  SCV  
  22  2:07  Factory  
  23  2:18  SCV, Marine  
  23  2:20  Barracks  
  25  2:30  SCV  
  25  2:31  Refinery  
  25  2:36  Barracks Reactor  
  26  2:42  SCV  
  27  2:50  Cyclone  
  29  2:53  Orbital Command  
  29  2:55  SCV  
  30  3:07  Barracks Tech Lab, SCV  
  30  3:10  Barracks  
  31  3:13  Marine x2  
  31  3:18  SCV  
  31  3:19  SCV  
  35  3:22  Supply Depot  
  35  3:23  Factory Tech Lab  
  35  3:27  Marine, Stimpack  
  35  3:30  SCV  
  35  3:32  Marine  
  35  3:33  Marine  
  39  3:35  SCV  
  40  3:41  Siege Tank  
  40  3:43  SCV  
  40  3:46  Marine  
  40  3:48  SCV  
  46  3:50  Supply Depot  
  46  3:52  Marine  
  46  3:54  Marine  
  48  3:56  SCV  
  48  3:57  Barracks Tech Lab  
  48  4:00  SCV  
  50  4:04  Marine  
  50  4:07  Supply Depot  
  50  4:08  SCV  
  52  4:12  SCV  
  52  4:13  Siege Tank  
  52  4:14  Marine  
  52  4:17  Marine x2  
  57  4:20  SCV  
  57  4:22  Marine  
  57  4:23  Combat Shield  
  61  4:28  Engineering Bay  
  61  4:29  SCV  
  62  4:32  SCV, Marine  
  62  4:37  Supply Depot, Marine  
  65  4:38  Marine  
  65  4:41  SCV  
  65  4:42  Marine  
  65  4:44  SCV  
  69  4:50  Marine  
  70  4:54  Supply Depot  
  70  4:58  Marine  
  70  4:59  Siege Tank, SCV x2  
  76  5:00  Supply Depot, Marine  
  76  5:01  Marine  
  78  5:08  Marine  
  78  5:11  SCV  
  78  5:14  SCV  
  78  5:16  Marine  
  78  5:19  Marine  
  77  5:23  SCV  
  77  5:26  Missile Turret x2  
  77  5:27  SCV  
  79  5:29  Bunker  
  79  5:32  Terran Infantry Weapons Level 1, Refinery  
  79  5:33  Starport, Marine  
  79  5:34  Marauder  
  73  5:43  SCV  
  73  5:46  Marine, Marauder  
  73  5:47  SCV  
  76  5:52  Refinery  
  76  5:55  SCV, Marine  
  76  5:57  Siege Tank  
  80  6:00  SCV  
  80  6:01  Bunker  
  79  6:05  Marine  
  79  6:06  Marauder  
  79  6:07  Marine  
  79  6:08  SCV  
  82  6:13  Supply Depot, Starport Reactor  
  81  6:20  SCV, Marine  
  81  6:23  Marine  
  84  6:26  Missile Turret, Command Center  
  84  6:28  SCV  
  85  6:35  Siege Tank  
  86  6:50  Marine x3  
  86  6:51  Marauder  
  82  6:55  Medivac x2  
  86  7:03  Supply Depot, Barracks x2  
  86  7:07  Concussive Shells  
  86  7:09  Marauder  
  86  7:10  Marine  
  86  7:11  SCV, Marine  
  86  7:12  Marauder  
  86  7:14  Siege Tank  
  95  7:16  SCV  
  95  7:20  Missile Turret  
  96  7:26  Terran Infantry Armor Level 1, Viking  
  96  7:27  Viking  
  96  7:28  SCV  
  101  7:30  SCV  
  101  7:36  Marauder x2  
  106  7:37  Marine  
  106  7:39  Marine  
  108  7:45  SCV  
  108  7:47  Siege Tank  
  108  7:48  Missile Turret  
  108  7:49  SCV  
  113  7:51  Barracks Reactor  
  113  7:52  Barracks Tech Lab  
  113  7:57  SCV  
  112  7:59  Viking  
  112  8:01  Marine x2  
  112  8:04  Orbital Command  
  115  8:08  Marauder  
  115  8:10  Viking  
  114  8:13  SCV  
  114  8:15  SCV  
  114  8:16  Supply Depot  
  115  8:21  Marine, Marauder x2  
  115  8:22  Marine  
  115  8:25  SCV, Widow Mine  
  124  8:31  SCV  
  124  8:33  Marine x2  
  124  8:36  Ghost Academy, Refinery x2  
  124  8:37  SCV  
  124  8:40  Supply Depot, SCV  
  126  8:43  Marine x2  
  128  8:48  Marine  
  128  8:49  Marine, Marauder  
  128  8:51  Marine  
  133  8:57  Supply Depot  
  133  9:01  Marine  
  133  9:02  Viking  
  134  9:04  Viking  
  134  9:05  Marine x2  
  136  9:10  Ghost x2  
  136  9:16  Supply Depot  
  140  9:18  Ghost  
  140  9:22  Marine x2  
  146  9:24  Widow Mine  
  146  9:34  Viking  
  146  9:37  Viking  
  150  9:38  Supply Depot  
  150  9:39  Supply Depot  
  150  9:40  Ghost x2  
  154  9:51  Marine  
  152  9:54  Command Center  
  150  10:02  Marine  
  150  10:03  Marine  
  150  10:04  Siege Tank  
  156  10:10  Armory  
  156  10:11  Engineering Bay  
  156  10:13  Viking  
  158  10:15  Viking  
  158  10:19  Bunker  
  159  10:22  Marauder x2  
  159  10:25  Marauder  
  159  10:26  Marine x2  
  166  10:31  Marine  
  166  10:33  SCV  
  166  10:34  SCV x2  
  170  10:38  Marine  
  170  10:39  Widow Mine  
  171  10:46  Marine x2  
  171  10:47  Marauder  
  171  10:48  Marauder x2  
  179  10:51  Marine  
  180  10:58  Marine  
  180  11:00  Terran Infantry Weapons Level 2  
  180  11:02  Terran Infantry Armor Level 2  
  180  11:03  Drilling Claws  
  181  11:06  Widow Mine  
  181  11:09  Marauder  
  181  11:11  Marine, Marauder  
  180  11:30  Marine  
  180  11:31  Marine, Marauder  
  180  11:32  Marine x2  
  138  11:33  Marauder  
  138  11:34  Marine  
  138  11:35  SCV x2  
  138  11:36  SCV  
  136  11:47  SCV x2  
  136  11:48  SCV, Marine x2  
  136  11:50  Marine  
  136  11:52  Ghost  
  136  11:53  Widow Mine  
  145  11:54  Planetary Fortress  
  145  11:55  Marine  
  145  11:59  SCV  
  145  12:00  SCV  
  146  12:03  Ghost x2  
  146  12:05  Medivac  
  146  12:07  SCV  
  153  12:10  Medivac  
  153  12:14  SCV  
  156  12:22  SCV x2  
  158  12:26  SCV, Ghost  
  158  12:29  Factory Reactor  
  161  12:32  SCV, Barracks  
  161  12:33  Barracks x2  
  161  12:35  SCV  
  163  12:38  Marauder x2  
  163  12:42  Medivac  
  163  12:43  Medivac  
  171  12:48  SCV x2  
  171  12:49  SCV  
  174  12:52  Marine x3  
  174  12:53  Marine  
  174  12:55  Marauder  
  179  12:59  Marauder  
  179  13:05  Terran Ship Weapons Level 1  
  180  13:06  Marine  
  180  13:10  Marine, Command Center  
  181  13:18  Marauder  
  181  13:19  Barracks Tech Lab  
  183  13:20  Barracks Tech Lab, Marauder  
  183  13:21  Terran Infantry Armor Level 3  
  183  13:23  Terran Infantry Weapons Level 3  
  185  13:31  Marauder  
  181  13:34  Barracks Tech Lab  
  181  13:35  SCV  
  181  13:37  Marine  
  181  13:38  Medivac x2  
  181  13:39  Widow Mine  
  181  13:40  Marauder  
  191  13:43  Widow Mine  
  191  13:51  Missile Turret  
  191  13:52  Marauder x2  
  191  13:54  Personal Cloaking  
  195  13:59  Supply Depot  
  195  14:04  Marauder  
  196  14:10  Widow Mine  
  196  14:21  Marauder x2  
  196  14:23  Marauder, Widow Mine  
  190  14:36  Command Center  
  190  14:45  Marine x2  
  190  14:46  Marine, Marauder x2  
  197  14:54  Refinery  
  197  14:55  Fusion Core, Starport, Refinery  
  193  15:14  Marine  
  193  15:15  Marauder  
  182  15:23  Medivac x2  
  182  15:26  Widow Mine x2  
  182  15:28  Marine x3  
  146  15:29  Marauder x2  
  146  15:33  Planetary Fortress, Starport Reactor  
  151  15:37  SCV  
  151  15:38  SCV  
  157  15:42  Marauder  
  157  15:43  Advanced Ballistics, Marauder  
  157  15:44  Terran Ship Weapons Level 2  
  157  15:49  Widow Mine x2  
  161  15:50  Orbital Command  
  161  15:53  Nuke  
  161  15:54  SCV  
  161  15:56  Liberator  
  163  15:57  Liberator  
  163  16:03  SCV  
  167  16:05  Sensor Tower  
  167  16:07  SCV  
  167  16:08  SCV x2  
  170  16:11  Liberator  
  170  16:15  SCV, Liberator  
  177  16:25  Missile Turret x2  
  177  16:26  Ghost x2  
  177  16:27  Ghost  
  177  16:32  Missile Turret  
  183  16:33  Ghost  
  185  16:48  Liberator x2  
  185  16:50  Widow Mine x2  
  195  16:59  Marauder  
  197  17:02  Liberator, Refinery  
  197  17:03  Refinery  
  197  17:04  Command Center  
  200  17:10  Nuke  
  194  17:26  Marine x3, Marauder  
  194  17:27  Marauder  
  199  17:37  Starport  
  199  17:38  Marine  
  189  18:06  Marine x2  
  189  18:07  Marauder  
  189  18:09  Liberator x2  
  189  18:11  Liberator  
  196  18:30  Liberator  
  196  18:31  Marine x2, Hellion  
  196  18:32  Marauder  
  166  18:35  Marine  
  166  18:36  Marine x2, Marauder x3  
  166  18:37  Widow Mine  
  166  18:39  Ghost  
  147  18:43  Orbital Command  
  147  18:48  Command Center  
  143  18:49  Marine  
  143  18:50  Starport Reactor, Terran Ship Weapons Level 3  
  143  18:52  Liberator x2, Ghost  
  143  18:53  Ghost  
  154  18:56  Liberator, Missile Turret  
  154  18:58  Widow Mine  
  154  18:59  Nuke, Ghost x2  
  154  19:00  Sensor Tower  
  154  19:01  Marauder  
  163  19:13  Liberator, Widow Mine  
  168  19:21  Marine, Ghost  
  168  19:22  Marauder  
  175  19:24  Widow Mine  
  175  19:28  Caduceus Reactor  
  175  19:33  Liberator  
  175  19:34  Liberator  
  175  19:37  Marauder x2  
  185  19:40  Marine, Marauder  
  188  19:51  Liberator  
  191  19:55  Marine  
  191  19:56  Marine, Marauder  
  195  20:03  Marine x2  
  195  20:04  Marauder  
  199  20:22  Marine  
  194  20:37  Ghost  
  194  20:39  Marine  
  194  20:40  Marauder x2  
  194  20:41  Marine x2, Liberator x2  
  194  20:42  Liberator x2, Marauder  
  183  20:43  Liberator  
  183  20:45  Ghost  
  187  20:54  Marine  
  180  20:58  Marine  
  180  20:59  Marine, Liberator, Marauder  
  180  21:01  Marauder, Widow Mine  
  180  21:02  Marine x2  
  180  21:03  Marauder  
  185  21:08  Orbital Command  
  185  21:13  Marine, Marauder  
  185  21:14  Marine  
  187  21:23  Widow Mine  
  187  21:24  Liberator x2, Marauder x2  
  187  21:25  Liberator  
  177  21:33  Liberator  
  177  21:34  Liberator  
  183  21:41  Planetary Fortress  
  183  21:44  Marine x3, Marauder  
  191  21:49  Ghost  
  191  21:51  Missile Turret  
Show
View Real Time Build Order
Export as new Build Order

DnS Protoss 

Build Orders: 1 Gate Expand, Phoenix Opening, Colossus Rush 

Get SALT Encoding   

  12  0:00  Probe  
  13  0:12  Probe  
  14  0:16  Pylon  
  14  0:24  Probe (Chrono Boost)  
  15  0:36  Gateway, Probe (Chrono Boost)  
  16  0:44  Probe (Chrono Boost)  
  16  0:45  Assimilator  
  17  0:51  Probe  
  18  1:03  Probe  
  19  1:15  Probe  
  20  1:23  Cybernetics Core  
  20  1:33  Nexus  
  20  1:37  Probe  
  21  1:44  Pylon  
  21  1:49  Probe  
  21  1:52  Assimilator  
  22  1:59  Adept (Chrono Boost)  
  23  2:01  Probe  
  25  2:13  Probe  
  26  2:16  Stargate  
  26  2:22  Adept  
  28  2:25  Probe  
  28  2:29  Warp Gate  
  29  2:43  Probe (Chrono Boost)  
  30  2:46  Probe (Chrono Boost)  
  31  2:52  Adept  
  31  2:55  Probe (Chrono Boost)  
  31  2:56  Probe (Chrono Boost)  
  35  3:00  Phoenix (Chrono Boost), Probe (Chrono Boost)  
  35  3:04  Probe  
  39  3:11  Pylon  
  39  3:12  Probe  
  40  3:16  Probe  
  40  3:17  Phoenix (Chrono Boost)  
  43  3:24  Probe  
  44  3:29  Gateway, Probe  
  45  3:37  Probe  
  45  3:41  Robotics Facility, Probe  
  47  3:49  Assimilator, Probe  
  47  3:50  Assimilator  
  47  3:51  Phoenix (Chrono Boost)  
  47  3:53  Probe  
  51  3:56  Pylon  
  51  4:02  Probe  
  52  4:05  Probe  
  52  4:07  Pylon  
  53  4:13  Phoenix (Chrono Boost)  
  53  4:16  Probe  
  56  4:18  Probe  
  57  4:24  Sentry  
  57  4:28  Shield Battery  
  57  4:29  Probe  
  57  4:30  Probe  
  61  4:32  Immortal (Chrono Boost)  
  61  4:36  Zealot  
  67  4:40  Pylon  
  67  4:43  Robotics Bay  
  67  4:47  Pylon  
  67  4:59  Zealot x2, Pylon  
  71  5:03  Immortal (Chrono Boost)  
  75  5:17  Shield Battery  
  75  5:28  Shield Battery  
  73  5:29  Pylon  
  73  5:30  Zealot x2  
  73  5:31  Colossus (Chrono Boost)  
  77  5:50  Phoenix  
  77  5:51  Stalker  
  77  5:52  Stalker  
  77  5:56  Pylon  
  83  5:57  Extended Thermal Lance  
  83  5:58  Pylon  
  83  6:15  Phoenix  
  85  6:19  Zealot x2, Colossus (Chrono Boost)  
  95  6:28  Gateway  
  95  6:30  Gateway  
  95  6:40  Phoenix  
  95  6:41  Zealot  
  83  7:00  Probe x2  
  83  7:04  Twilight Council  
  83  7:05  Phoenix  
  83  7:06  Forge  
  85  7:08  Nexus  
  85  7:09  Observer  
  85  7:13  Pylon  
  86  7:16  Probe x2  
  86  7:18  Sentry  
  86  7:20  Protoss Ground Weapons Level 1 (Chrono Boost)  
  90  7:26  Observer  
  90  7:27  Pylon  
  91  7:35  Charge (Chrono Boost)  
  91  7:37  Probe x2  
  91  7:40  Shield Battery  
  91  7:43  Phoenix  
  95  7:49  Probe x2  
  95  7:50  Colossus  
  103  8:00  Pylon  
  103  8:01  Probe  
  103  8:02  Probe  
  105  8:14  Probe x2  
  105  8:17  Gateway  
  105  8:18  Gateway  
  107  8:22  Gateway, Probe  
  107  8:26  Probe x2  
  107  8:27  Gateway  
  110  8:34  Gateway x2, Probe  
  110  8:38  Probe x2  
  110  8:41  Forge  
  113  8:43  Templar Archives  
  113  8:48  Zealot x3  
  119  8:51  Probe x3  
  122  9:06  Phoenix  
  122  9:08  Immortal  
  128  9:10  Protoss Ground Armor Level 1 (Chrono Boost)  
  128  9:12  Zealot x3  
  128  9:13  Zealot  
  136  9:19  High Templar  
  136  9:20  Protoss Ground Weapons Level 2 (Chrono Boost), High Templar  
  136  9:24  Pylon x2  
  140  9:25  Archon  
  140  9:32  Zealot x3  
  140  9:36  Zealot x2  
  150  9:48  Nexus  
  150  9:49  Pylon  
  150  10:01  Probe x3  
  150  10:03  Blink  
  150  10:06  Observer  
  152  10:09  High Templar x2  
  152  10:10  Zealot x5  
  166  10:17  Shield Battery, Photon Cannon  
  166  10:21  Archon  
  166  10:27  Zealot x2, Pylon  
  170  10:34  Stalker x5, Observer  
  177  10:43  Probe  
  177  10:44  Probe x2  
  177  10:46  Protoss Ground Armor Level 2 (Chrono Boost)  
  177  10:47  Disruptor, Pylon  
  177  10:48  Pylon  
  179  11:03  Probe x2  
  181  11:04  Zealot x3  
  181  11:05  Zealot x2  
  191  11:18  Stalker x4  
  135  11:33  Zealot x5, Colossus (Chrono Boost)  
  141  11:47  Zealot x4  
  141  11:51  Protoss Ground Weapons Level 3 (Chrono Boost)  
  141  11:54  Zealot x5  
  153  12:09  Zealot x4  
  153  12:13  Pylon  
  161  12:15  Nexus  
  161  12:20  High Templar  
  161  12:21  Zealot x3, High Templar  
  171  12:23  Disruptor (Chrono Boost)  
  171  12:25  Archon  
  175  12:31  Gateway  
  175  12:35  Assimilator  
  175  12:39  Robotics Facility  
  175  12:41  Zealot x6  
  175  12:42  Zealot  
  187  12:57  Disruptor  
  191  12:58  Pylon  
  191  13:06  Pylon  
  191  13:08  Stalker x3, Zealot  
  198  13:16  Photon Cannon  
  195  13:32  Disruptor  
  193  13:39  Protoss Ground Armor Level 3 (Chrono Boost)  
  195  13:45  Zealot x4  
  199  13:52  Gateway x2  
  199  13:54  Gateway x2  
  199  13:56  Nexus  
  199  13:58  Pylon  
  195  14:19  Photon Cannon  
  195  14:20  Photon Cannon  
  195  14:22  Photon Cannon  
  195  14:23  Shield Battery  
  187  14:26  Disruptor x2 (Chrono Boost)  
  187  14:27  Shield Battery  
  187  14:28  Pylon  
  187  14:29  Stalker x5, Zealot  
  187  14:30  Zealot x3  
  195  14:53  Dark Shrine  
  193  15:06  Zealot x4  
  193  15:07  Zealot  
  141  15:30  Disruptor x2  
  147  15:38  Zealot x10, Sentry  
  147  15:40  Probe x2  
  147  15:41  Probe x2  
  173  15:45  Nexus  
  173  15:48  Pylon  
  172  16:00  Nexus  
  172  16:01  Pylon  
  172  16:06  Disruptor (Chrono Boost), Dark Templar  
  172  16:09  Zealot  
  172  16:10  Zealot x4  
  186  16:12  Pylon  
  186  16:17  Probe x4  
  190  16:20  Pylon  
  190  16:24  Shield Battery  
  188  16:33  Photon Cannon  
  188  16:35  Stalker x4  
  192  17:00  Zealot x5  
  200  17:11  Photon Cannon  
  200  17:12  Photon Cannon  
  200  17:14  Shield Battery  
  194  17:20  Probe x4  
  194  17:21  Probe  
  190  17:25  Stalker x4  
  184  17:32  Probe  
  184  17:36  Probe x4  
  189  17:49  Stalker x3  
  193  17:57  Zealot x3  
  193  17:58  Zealot x2  
  168  18:17  Zealot x7  
  168  18:18  Zealot x3  
  152  18:37  Stalker x2  
  140  18:47  Sentry  
  140  18:48  Stalker x5  
  148  18:55  Sentry  
  148  18:56  Zealot x3  
  148  19:00  Assimilator  
  148  19:01  Assimilator  
  156  19:09  Nexus  
  154  19:12  Pylon  
  154  19:25  Zealot x6  
  154  19:26  Zealot, Observer  
  157  19:36  Stalker  
  155  19:48  Probe x4  
  159  19:54  Phoenix (Chrono Boost)  
  160  20:21  Stalker x4  
  160  20:22  Zealot x4  
  152  20:44  Stalker  
  152  20:45  Stalker x2  
  122  21:06  Stalker  
  119  21:19  Observer  
  109  21:31  Stalker x2  
  109  21:32  Zealot x3  
Tags
 
Add a new tag
Caveats
  • Supply blocks, unpowered buildings, or Contaminate may cause inaccurate times.
  • Supply counts are checked every 10 seconds.